WCHLSIM.com - West Coast Hockey League
html PUBLIC "-//W3C//DTD XHTML 1.0 Transitional//EN" "http://www.w3.org/TR/xhtml1/DTD/xhtml1-transitional.dtd"> WCHL - Game 547 - LONG BEACH BARACUDAS vs VICTORIA GLADIATORS

LONG BEACH BARACUDAS vs VICTORIA GLADIATORS

Created - 29 janvier 2021 at 22:08

Goals
1 2 3 T
LONG BEACH BARACUDAS 0 2 1 3
VICTORIA GLADIATORS 1 2 1 4
Shots
1 2 3 T
LONG BEACH BARACUDAS 8 6 4 18
VICTORIA GLADIATORS 7 14 9 30

1st period

1. VICTORIA GLADIATORS , Jakub Voracek 6 (Derek Grant 2, Esa Lindell 10) at 5:49

Penalties :
Johan Larsson (VIC) for Interference (Minor) at 5:35, Brandon Montour (LOB) for Boarding (Minor) at 5:35, Kyle Connor (VIC) for Tripping (Minor) at 18:32

2nd period

2. LONG BEACH BARACUDAS , Kyle Palmieri 26 (Taylor Hall 28, J.T. Compher 14) at 3:32
3. LONG BEACH BARACUDAS , Brad Richardson 2 (Loui Eriksson 7, Michael Del Zotto 6) at 4:09
4. VICTORIA GLADIATORS , Bryan Rust 20 (Anze Kopitar 30, Duncan Keith 10) at 8:44
5. VICTORIA GLADIATORS , Bryan Rust 21 (Anze Kopitar 31, Kyle Connor 27) at 18:51 (PP)

Penalties :
Jordie Benn (LOB) for Roughing (Minor) at 18:31

3rd period

6. LONG BEACH BARACUDAS , Taylor Hall 27 (Jordie Benn 4, Kyle Palmieri 27) at 6:41
7. VICTORIA GLADIATORS , Bryan Rust 22 (Jared McCann 8) at 15:05

Penalties :
Alex Pietrangelo (LOB) for High sticking (Double Minor) at 1:19, Esa Lindell (VIC) for Cross-checking (Minor) at 13:54, J.T. Compher (LOB) for Roughing (Minor) at 15:03

Goalie Stats

Jonathan Quick (LOB), 26 saves from 30 shots - (0,867), L, 19-9-1, 60:00 minutes
Carter Hart (VIC), 15 saves from 18 shots - (0,833), W, 20-8-0, 60:00 minutes

Players Stats for LONG BEACH BARACUDAS

Player Name              G  A  P  +/- PIM S  H  SB GA TA FO     MP     PP MP  PK MP  
------------------------------------------------------------------------------------
Alex Pietrangelo         0  0  0   1  4   0  1  3  0  0  0/0    22:04   0:00   0:00 
Ben Hutton               0  0  0  -2  0   0  0  2  0  0  0/0    20:36   2:05   2:53 
Boris Katchouk           0  0  0   1  0   0  0  0  0  0  1/2     9:33   0:00   0:00 
Brad Richardson          1  0  1   1  0   2  0  0  0  0  5/9    10:02   0:00   0:29 
Brandon Montour          0  0  0  -1  2   0  0  1  0  0  0/0    20:23   2:05   1:31 
Brock Nelson             0  0  0   0  0   0  1  0  0  0  8/11   15:50   1:03   0:00 
Derek Stepan             0  0  0   0  0   0  0  0  0  0  1/3     2:34   0:00   0:00 
J.T. Compher             0  1  1  -1  2   4  0  1  0  0  5/12   19:57   1:02   2:18 
Jordie Benn              0  1  1   2  2   0  1  1  0  0  0/0    17:28   1:03   2:01 
Kyle Palmieri            1  1  2  -1  0   3  0  1  0  0  1/4    19:04   2:05   0:00 
Loui Eriksson            0  1  1   1  0   1  0  0  0  0  0/0     9:33   0:00   0:00 
Michael Del Zotto        0  1  1   1  0   0  0  0  0  0  0/0    16:58   0:00   2:18 
Mikael Granlund          0  0  0   0  0   0  0  0  0  0  0/1    10:22   0:00   0:17 
Pierre-Edouard Bellemare 0  0  0   0  0   0  0  0  0  0  2/8     9:35   0:00   0:17 
Reyley Smith             0  0  0   0  0   4  1  0  0  0  5/14   25:28   1:03   2:21 
Ron Hainsey              0  0  0  -1  0   0  0  1  0  0  0/0    22:28   1:03   2:13 
Steven Stamkos           0  0  0   0  0   1  2  0  0  0  6/7    19:52   2:05   2:24 
Taylor Hall              1  1  2   1  0   3  0  0  0  0  0/1    19:52   2:05   2:50 

Players Stats for VICTORIA GLADIATORS

Player Name              G  A  P  +/- PIM S  H  SB GA TA FO     MP     PP MP  PK MP  
------------------------------------------------------------------------------------
Andrew Cogliano          0  0  0  -1  0   1  0  0  0  0  0/0     4:18   0:00   0:00 
Anze Kopitar             0  2  2   1  0   2  0  0  0  0  12/20  18:40   2:47   0:00 
Brady Skjei              0  0  0  -2  0   0  0  0  0  0  0/0    18:46   2:00   0:11 
Bryan Rust               3  0  3   2  0   7  3  0  0  0  1/3    20:24   2:47   0:00 
Conor Garland            0  0  0  -1  0   3  1  0  0  0  0/0    17:39   2:41   0:00 
Derek Grant              0  1  1   0  0   1  0  0  0  0  4/10    7:22   0:00   1:59 
Duncan Keith             0  1  1   2  0   0  5  1  0  0  0/0    22:27   0:00   1:09 
Esa Lindell              0  1  1   1  2   1  3  0  0  0  0/0    21:25   0:00   0:58 
Jakub Voracek            1  0  1   0  0   4  1  0  0  0  1/1    18:44   2:41   0:00 
Jared McCann             0  1  1   0  0   2  1  0  0  0  3/3    14:28   0:00   0:00 
Johan Larsson            0  0  0  -1  2   2  0  0  0  0  8/18   14:34   0:00   1:09 
John Hayden              0  0  0  -1  0   1  1  0  0  0  0/0     6:59   0:00   1:59 
Kyle Connor              0  1  1   1  2   4  0  0  0  0  1/1    18:39   2:47   0:00 
Mattias Janmark          0  0  0  -1  0   2  0  0  0  0  0/1    14:35   0:00   1:09 
Mikael Backlund          0  0  0  -1  0   0  4  0  0  0  8/15   17:39   2:41   0:00 
Nick Holden              0  0  0   0  0   0  3  1  0  0  0/0    18:58   3:28   1:59 
Nikita Zaitsev           0  0  0  -1  0   0  0  3  0  0  0/0    19:25   2:00   0:00 
Torey Krug               0  0  0   0  0   0  0  0  0  0  0/0    18:58   3:28   1:59 

3 Stars

1 - Bryan Rust (VIC)
2 - Duncan Keith (VIC)
3 - Taylor Hall (LOB)

Power Play

LONG BEACH BARACUDAS - 0 on 2 Attempt(s) - 0,00%
VICTORIA GLADIATORS - 1 on 4 Attempt(s) - 25,00%

Penalty Kill

LONG BEACH BARACUDAS - 3 on 4 Attempt(s) - 75,00% - Score 0 goal in Penalty Kill
VICTORIA GLADIATORS - 2 on 2 Attempt(s) - 100,00% - Score 0 goal in Penalty Kill

Team Stat

LONG BEACH BARACUDAS - Hits : 6 - Faceoff Wins : 34 - Blocked Shots : 10 - Penalty Minutes : 10
VICTORIA GLADIATORS - Hits : 22 - Faceoff Wins : 38 - Blocked Shots : 5 - Penalty Minutes : 6

Official

Referees : Beaudry Halkidis and Jim Curtin
Linesman : Kyle Flemington and Justin Cornell

Game Notes

Derek Stepan is injured at 10:02 of 1st period (Left Foot)
Bryan Rust has scored a Hat Trick!

Finance

Level 1 -- Attendance: 6300 (100,00%) -- Ticket Income 907 200 $
Level 2 -- Attendance: 5300 (100,00%) -- Ticket Income 551 200 $
Level 3 -- Attendance: 1812 (82,36%) -- Ticket Income 170 328 $
Level 4 -- Attendance: 4200 (100,00%) -- Ticket Income 226 800 $
Luxury Box -- Attendance: 841 (84,10%) -- Ticket Income 262 392 $
Game was played at the Verizon Center.
Total Attendance: 18453 (97,12%)
Total Ticket Income: 2 117 920 $
Other Expense: 21 179 $
Total Income: 2 096 741 $

LONG BEACH BARACUDAS

5 vs 5 Forward 
   Center                   Left Wing                Right Wing               Time % Phy DF OF 
 1 Brock Nelson             Reyley Smith             Steven Stamkos           40     0   1  4  
 2 Derek Stepan             Taylor Hall              Kyle Palmieri            33     0   2  3  
 3 Pierre-Edouard Bellemare J.T. Compher             Mikael Granlund          18     0   3  2  
 4 Brad Richardson          Boris Katchouk           Loui Eriksson            9      0   2  3  

5 vs 5 Defense 
   Defense                  Defense                                           Time % Phy DF OF 
 1 Alex Pietrangelo         Ron Hainsey                                       40     0   3  2  
 2 Ben Hutton               Brandon Montour                                   30     0   3  2  
 3 Michael Del Zotto        Jordie Benn                                       15     0   3  2  
 4 Brandon Montour          Alex Pietrangelo                                  15     0   2  3  

PowerPlay Forward 
   Center                   Left Wing                Right Wing               Time % Phy DF OF 
 1 Steven Stamkos           Taylor Hall              Kyle Palmieri            51     0   0  5  
 2 Brock Nelson             J.T. Compher             Reyley Smith             49     0   1  4  

PowerPlay Defense
   Defense                  Defense                                           Time % Phy DF OF 
 1 Derek Stepan             Ben Hutton                                        55     0   0  5  
 2 Ron Hainsey              Jordie Benn                                       45     0   0  5  

Penalty Kill 4 Players Forward 
   Center                   Wing                     Time % Phy DF OF 
 1 Derek Stepan             Reyley Smith             60     0   4  1  
 2 Pierre-Edouard Bellemare Mikael Granlund          40     0   4  1  

Penalty Kill 4 Players Defense
   Defense                  Defense                  Time % Phy DF OF 
 1 Ron Hainsey              Jordie Benn              55     0   4  1  
 2 Ben Hutton               Michael Del Zotto        45     0   4  1  

Penalty Kill - 3 Players Forward 
   Forward                                           Time % Phy DF OF 
 1 Derek Stepan                                      55     1   4  0  
 2 Pierre-Edouard Bellemare                          45     1   4  0  

Penalty Kill - 3 Players Defense
   Defense                  Defense                  Time % Phy DF OF 
 1 Jordie Benn              Alex Pietrangelo         55     1   4  0  
 2 Brandon Montour          Michael Del Zotto        45     1   4  0  

4 vs 4 Forward 
   Center                   Wing                     Time % Phy DF OF 
 1 J.T. Compher             Kyle Palmieri            55     0   2  3  
 2 Mikael Granlund          Reyley Smith             45     0   2  3  

4 vs 4 Defense
   Defense                  Defense                  Time % Phy DF OF 
 1 Brandon Montour          Jordie Benn              55     1   2  2  
 2 Ron Hainsey              Michael Del Zotto        45     1   2  2  

Last Minutes Offensive
   Center                   Left Wing                Right Wing               Defense                  Defense                  
   Steven Stamkos           Taylor Hall              Kyle Palmieri            Alex Pietrangelo         Jordie Benn              

Last Minutes Defensive
   Center                   Left Wing                Right Wing               Defense                  Defense                  
   Derek Stepan             Reyley Smith             Kyle Palmieri            Ron Hainsey              Michael Del Zotto        

Goaltenders
Starting : Jonathan Quick           
Backup : Brian Elliott            

Extra Forwards
Normal : Derek Stepan, Reyley Smith, J.T. Compher - PP : J.T. Compher, Reyley Smith - PK : J.T. Compher
Extra Defensemen
Normal : Brandon Montour, Ben Hutton, Ron Hainsey - PP : Brandon Montour - PK : Ben Hutton, Ron Hainsey
Penalty Shots
Steven Stamkos, Taylor Hall, Brock Nelson, Kyle Palmieri, Mikael Granlund
Custom OT Lines Forwards
Steven Stamkos, Taylor Hall, Brock Nelson, Kyle Palmieri, Reyley Smith, Derek Stepan, Mikael Granlund, J.T. Compher, Pierre-Edouard Bellemare, Loui Eriksson
Custom OT Lines Defensemen
Alex Pietrangelo, Ben Hutton, Ron Hainsey, Jordie Benn, Brandon Montour

Scratches
Alexandre Texier (Left Ankle Injury), Andreas Johnsson (Strained Left Elbow Injury)

VICTORIA GLADIATORS

5 vs 5 Forward 
   Center                   Left Wing                Right Wing               Time % Phy DF OF 
 1 Anze Kopitar             Kyle Connor              Bryan Rust               36     0   4  1  
 2 Mikael Backlund          Conor Garland            Jakub Voracek            34     0   4  1  
 3 Johan Larsson            Jared McCann             Mattias Janmark          23     0   4  1  
 4 Derek Grant              Andrew Cogliano          John Hayden              7      0   4  1  

5 vs 5 Defense 
   Defense                  Defense                                           Time % Phy DF OF 
 1 Duncan Keith             Esa Lindell                                       40     0   3  2  
 2 Brady Skjei              Nikita Zaitsev                                    35     0   3  2  
 3 Torey Krug               Nick Holden                                       25     0   4  1  
 4 Brady Skjei              Nikita Zaitsev                                    0      0   4  1  

PowerPlay Forward 
   Center                   Left Wing                Right Wing               Time % Phy DF OF 
 1 Anze Kopitar             Kyle Connor              Bryan Rust               50     0   1  4  
 2 Mikael Backlund          Conor Garland            Jakub Voracek            50     0   1  4  

PowerPlay Defense
   Defense                  Defense                                           Time % Phy DF OF 
 1 Brady Skjei              Nikita Zaitsev                                    50     0   1  4  
 2 Torey Krug               Nick Holden                                       50     0   1  4  

Penalty Kill 4 Players Forward 
   Center                   Wing                     Time % Phy DF OF 
 1 Johan Larsson            Mattias Janmark          50     1   3  1  
 2 Derek Grant              John Hayden              50     1   3  1  

Penalty Kill 4 Players Defense
   Defense                  Defense                  Time % Phy DF OF 
 1 Duncan Keith             Esa Lindell              50     1   3  1  
 2 Torey Krug               Nick Holden              50     1   3  1  

Penalty Kill - 3 Players Forward 
   Forward                                           Time % Phy DF OF 
 1 Johan Larsson                                     50     0   5  0  
 2 Mattias Janmark                                   50     0   5  0  

Penalty Kill - 3 Players Defense
   Defense                  Defense                  Time % Phy DF OF 
 1 Duncan Keith             Esa Lindell              50     0   5  0  
 2 Brady Skjei              Nikita Zaitsev           50     0   5  0  

4 vs 4 Forward 
   Center                   Wing                     Time % Phy DF OF 
 1 Jared McCann             Bryan Rust               50     0   3  2  
 2 Derek Grant              Jakub Voracek            50     0   3  2  

4 vs 4 Defense
   Defense                  Defense                  Time % Phy DF OF 
 1 Duncan Keith             Esa Lindell              50     0   3  2  
 2 Torey Krug               Nick Holden              50     0   3  2  

Last Minutes Offensive
   Center                   Left Wing                Right Wing               Defense                  Defense                  
   Anze Kopitar             Kyle Connor              Bryan Rust               Brady Skjei              Nikita Zaitsev           

Last Minutes Defensive
   Center                   Left Wing                Right Wing               Defense                  Defense                  
   Johan Larsson            John Hayden              Mattias Janmark          Duncan Keith             Esa Lindell              

Goaltenders
Starting : Carter Hart              
Backup : Jack Campbell            

Extra Forwards
Normal : Kyle Connor, Jared McCann, Jakub Voracek - PP : Jared McCann, Johan Larsson - PK : Mikael Backlund
Extra Defensemen
Normal : Nikita Zaitsev, Torey Krug, Nick Holden - PP : Brady Skjei - PK : Esa Lindell, Nick Holden
Penalty Shots
Anze Kopitar, Bryan Rust, Kyle Connor, Conor Garland, Jakub Voracek
Custom OT Lines Forwards
Anze Kopitar, Kyle Connor, Bryan Rust, Jakub Voracek, Mikael Backlund, Conor Garland, Jared McCann, Mattias Janmark, Derek Grant, John Hayden
Custom OT Lines Defensemen
Duncan Keith, Brady Skjei, Esa Lindell, Nikita Zaitsev, Torey Krug

Scratches
Vincent Trocheck (Concussion Injury)

% Time on Ice - LONG BEACH BARACUDAS

Lines # - Real PCT - Wanted PCT - Time Play
Normal Forward
1 - 31% - 40% - 14:47
2 - 30% - 33% - 14:21
3 - 19% - 18% - 9:18
4 - 20% - 9% - 9:33
Normal Defense
1 - 37% - 40% - 17:55
2 - 28% - 30% - 13:14
3 - 28% - 15% - 13:16
4 - 7% - 15% - 3:34
PP Forward
1 - 66% - 51% - 2:05
2 - 34% - 49% - 1:03
PP Defense
1 - 66% - 55% - 2:05
2 - 34% - 45% - 1:03
PK Forward
1 - 95% - 60% - 5:11
2 - 5% - 40% - 0:17
PK Defense
1 - 58% - 55% - 3:10
2 - 42% - 45% - 2:18
PK3 Forward
1 - 0% - 55%
2 - 0% - 45%
PK3 Defense
1 - 0% - 55%
2 - 0% - 45%
44 Forward
1 - 72% - 55% - 2:02
2 - 28% - 45% - 0:47
44 Defense
1 - 42% - 55% - 1:11
2 - 58% - 45% - 1:38
Last Minute Offensive  - 0:36
Last Minute Defensive  - 0:00
Total
Forward - 60:00
Defense - 60:00

% Time on Ice - VICTORIA GLADIATORS

Lines # - Real PCT - Wanted PCT - Time Play
Normal Forward
1 - 33% - 36% - 15:53
2 - 31% - 34% - 14:58
3 - 27% - 23% - 12:44
4 - 9% - 7% - 4:18
Normal Defense
1 - 39% - 40% - 18:38
2 - 35% - 35% - 16:35
3 - 26% - 25% - 12:40
4 - 0% - 0% - 0:00
PP Forward
1 - 51% - 50% - 2:47
2 - 49% - 50% - 2:41
PP Defense
1 - 37% - 50% - 2:00
2 - 63% - 50% - 3:28
PK Forward
1 - 37% - 50% - 1:09
2 - 63% - 50% - 1:59
PK Defense
1 - 37% - 50% - 1:09
2 - 63% - 50% - 1:59
PK3 Forward
1 - 0% - 50%
2 - 0% - 50%
PK3 Defense
1 - 0% - 50%
2 - 0% - 50%
44 Forward
1 - 62% - 50% - 1:44
2 - 38% - 50% - 1:05
44 Defense
1 - 70% - 50% - 1:58
2 - 30% - 50% - 0:51
Last Minute Offensive  - 0:00
Last Minute Defensive  - 0:42
Total
Forward - 60:00
Defense - 60:00

Play-by-Play

1st period


0:01 of 1st period - Reyley Smith wins face-off versus Anze Kopitar in neutral zone.
0:05 of 1st period - Icing by Esa Lindell.
0:06 of 1st period - Anze Kopitar wins face-off versus Derek Stepan in VICTORIA GLADIATORS zone.
1:39 of 1st period - Shot by Jakub Voracek.
1:39 of 1st period - Shot Blocked by Ben Hutton.
1:41 of 1st period - Shot by Mikael Backlund.
1:41 of 1st period - Shot Misses the Net.
2:13 of 1st period - Shot by Reyley Smith.
2:13 of 1st period - Stopped by Carter Hart with a rebound.
2:15 of 1st period - Shot by Reyley Smith.
2:15 of 1st period - Shot Blocked by Nikita Zaitsev.
2:51 of 1st period - Johan Larsson is hit by Steven Stamkos and loses puck.
2:59 of 1st period - Icing by Johan Larsson.
3:00 of 1st period - Johan Larsson wins face-off versus Pierre-Edouard Bellemare in VICTORIA GLADIATORS zone.
4:44 of 1st period - Icing by Brady Skjei.
4:45 of 1st period - Brock Nelson wins face-off versus Anze Kopitar in VICTORIA GLADIATORS zone.
4:46 of 1st period - Shot by Steven Stamkos.
4:46 of 1st period - Stopped by Carter Hart with a rebound.
5:01 of 1st period - Shot by Anze Kopitar.
5:01 of 1st period - Stopped by Jonathan Quick without a rebound.
5:02 of 1st period - Boris Katchouk wins face-off versus Johan Larsson in LONG BEACH BARACUDAS zone.
5:35 of 1st period - Minor Penalty to Johan Larsson for Interference.
5:35 of 1st period - Minor Penalty to Brandon Montour for Boarding.
5:36 of 1st period - Jakub Voracek wins face-off versus J.T. Compher in LONG BEACH BARACUDAS zone.
5:49 of 1st period - Shot by Jakub Voracek.
5:49 of 1st period - Goal by Jakub Voracek - LONG BEACH BARACUDAS : 0 - VICTORIA GLADIATORS : 1.
5:50 of 1st period - Jared McCann wins face-off versus Mikael Granlund in neutral zone.
6:17 of 1st period - Shot by Mikael Granlund.
6:17 of 1st period - Shot Misses the Net.
6:35 of 1st period - Shot by J.T. Compher.
6:35 of 1st period - Stopped by Carter Hart with a rebound.
6:37 of 1st period - Shot by Kyle Palmieri.
6:37 of 1st period - Shot Misses the Net.
6:43 of 1st period - Shot by J.T. Compher.
6:43 of 1st period - Stopped by Carter Hart without a rebound.
6:44 of 1st period - Derek Grant wins face-off versus J.T. Compher in VICTORIA GLADIATORS zone.
7:06 of 1st period - Shot by Jakub Voracek.
7:06 of 1st period - Shot Blocked by Kyle Palmieri.
7:09 of 1st period - Icing by Kyle Palmieri.
7:10 of 1st period - J.T. Compher wins face-off versus Derek Grant in LONG BEACH BARACUDAS zone.
8:07 of 1st period - Shot by Bryan Rust.
8:07 of 1st period - Stopped by Jonathan Quick with a rebound.
8:09 of 1st period - Shot by Anze Kopitar.
8:09 of 1st period - Shot Misses the Net.
8:11 of 1st period - Shot by Nikita Zaitsev.
8:11 of 1st period - Shot Misses the Net.
8:13 of 1st period - Shot by Kyle Connor.
8:13 of 1st period - Shot Misses the Net.
9:44 of 1st period - Shot by Jakub Voracek.
9:44 of 1st period - Shot Misses the Net.
9:46 of 1st period - Shot by Duncan Keith.
9:46 of 1st period - Shot Blocked by Alex Pietrangelo.
9:51 of 1st period - Icing by Ron Hainsey.
9:52 of 1st period - Johan Larsson wins face-off versus Derek Stepan in LONG BEACH BARACUDAS zone.
10:00 of 1st period - Icing by Alex Pietrangelo.
10:01 of 1st period - Derek Stepan wins face-off versus Johan Larsson in LONG BEACH BARACUDAS zone.
10:01 of 1st period - Derek Stepan is hit by Jared McCann.
10:02 of 1st period - Derek Stepan from LONG BEACH BARACUDAS is injured at 10:02 of 1st period (Left Foot).
10:03 of 1st period - Pierre-Edouard Bellemare wins face-off versus Mattias Janmark in LONG BEACH BARACUDAS zone.
10:22 of 1st period - Shot by Jared McCann.
10:22 of 1st period - Deflect By Johan Larsson.
10:22 of 1st period - Stopped by Jonathan Quick with a rebound.
10:24 of 1st period - Shot by Esa Lindell.
10:24 of 1st period - Stopped by Jonathan Quick with a rebound.
10:34 of 1st period - Shot by Johan Larsson.
10:34 of 1st period - Deflect By Jared McCann.
10:34 of 1st period - Stopped by Jonathan Quick without a rebound.
10:35 of 1st period - Reyley Smith wins face-off versus Mikael Backlund in LONG BEACH BARACUDAS zone.
11:14 of 1st period - Icing by Torey Krug.
11:15 of 1st period - Mikael Backlund wins face-off versus Kyle Palmieri in VICTORIA GLADIATORS zone.
11:35 of 1st period - Icing by Nick Holden.
11:36 of 1st period - Brad Richardson wins face-off versus Mikael Backlund in VICTORIA GLADIATORS zone.
11:54 of 1st period - Shot by Brad Richardson.
11:54 of 1st period - Stopped by Carter Hart without a rebound.
11:55 of 1st period - Anze Kopitar wins face-off versus Brock Nelson in VICTORIA GLADIATORS zone.
12:15 of 1st period - Reyley Smith is hit by Esa Lindell and loses puck.
12:24 of 1st period - Shot by Reyley Smith.
12:24 of 1st period - Shot Misses the Net.
12:26 of 1st period - Shot by Reyley Smith.
12:26 of 1st period - Stopped by Carter Hart without a rebound.
12:27 of 1st period - Reyley Smith wins face-off versus Johan Larsson in VICTORIA GLADIATORS zone.
13:02 of 1st period - Shot by Kyle Palmieri.
13:02 of 1st period - Stopped by Carter Hart without a rebound.
13:03 of 1st period - Anze Kopitar wins face-off versus Pierre-Edouard Bellemare in VICTORIA GLADIATORS zone.
13:18 of 1st period - Icing by Duncan Keith.
13:19 of 1st period - Brad Richardson wins face-off versus Anze Kopitar in VICTORIA GLADIATORS zone.
13:20 of 1st period - Shot by Loui Eriksson.
13:20 of 1st period - Shot Misses the Net.
13:52 of 1st period - Shot by Anze Kopitar.
13:52 of 1st period - Shot Blocked by Jordie Benn.
13:56 of 1st period - Shot by Kyle Connor.
13:56 of 1st period - Shot Misses the Net.
14:00 of 1st period - Shot by Anze Kopitar.
14:00 of 1st period - Shot Misses the Net.
14:02 of 1st period - Shot by Anze Kopitar.
14:02 of 1st period - Shot Misses the Net.
14:34 of 1st period - Shot by Conor Garland.
14:34 of 1st period - Stopped by Jonathan Quick with a rebound.
14:36 of 1st period - Shot by Nikita Zaitsev.
14:36 of 1st period - Shot Misses the Net.
14:54 of 1st period - Shot by Conor Garland.
14:54 of 1st period - Shot Misses the Net.
15:53 of 1st period - Icing by Torey Krug.
15:54 of 1st period - Johan Larsson wins face-off versus Kyle Palmieri in VICTORIA GLADIATORS zone.
16:39 of 1st period - Shot by Anze Kopitar.
16:39 of 1st period - Shot Misses the Net.
16:41 of 1st period - Shot by Anze Kopitar.
16:41 of 1st period - Shot Misses the Net.
16:47 of 1st period - Shot by Kyle Connor.
16:47 of 1st period - Shot Misses the Net.
17:31 of 1st period - Reyley Smith is hit by Mikael Backlund.
17:56 of 1st period - Icing by Brady Skjei.
17:57 of 1st period - Mikael Backlund wins face-off versus Pierre-Edouard Bellemare in VICTORIA GLADIATORS zone.
18:29 of 1st period - Icing by J.T. Compher.
18:30 of 1st period - J.T. Compher wins face-off versus Anze Kopitar in LONG BEACH BARACUDAS zone.
18:32 of 1st period - Minor Penalty to Kyle Connor for Tripping.
18:33 of 1st period - Steven Stamkos wins face-off versus Johan Larsson in VICTORIA GLADIATORS zone.
18:49 of 1st period - Icing by Kyle Palmieri.
18:50 of 1st period - Derek Grant wins face-off versus Steven Stamkos in LONG BEACH BARACUDAS zone.
19:13 of 1st period - Shot by Taylor Hall.
19:13 of 1st period - Stopped by Carter Hart without a rebound.
19:14 of 1st period - Johan Larsson wins face-off versus Brock Nelson in VICTORIA GLADIATORS zone.
Goals for this period are 0 for LONG BEACH BARACUDAS vs 1 for VICTORIA GLADIATORS.
Shots for this period are 8 for LONG BEACH BARACUDAS vs 7 for VICTORIA GLADIATORS.

2nd period


0:01 of 2nd period - Steven Stamkos wins face-off versus Johan Larsson in neutral zone.
0:36 of 2nd period - Pierre-Edouard Bellemare is hit by Mikael Backlund and loses puck.
0:54 of 2nd period - Shot by Conor Garland.
0:54 of 2nd period - Shot Misses the Net.
0:56 of 2nd period - Shot by Nikita Zaitsev.
0:56 of 2nd period - Shot Blocked by Alex Pietrangelo.
0:58 of 2nd period - Shot by Nikita Zaitsev.
0:58 of 2nd period - Shot Misses the Net.
1:02 of 2nd period - Shot by Mikael Backlund.
1:02 of 2nd period - Deflect By Conor Garland.
1:02 of 2nd period - Shot Misses the Net.
1:04 of 2nd period - Shot by Brady Skjei.
1:04 of 2nd period - Shot Misses the Net.
1:32 of 2nd period - Shot by Kyle Connor.
1:32 of 2nd period - Shot Blocked by Ron Hainsey.
1:34 of 2nd period - Shot by Bryan Rust.
1:34 of 2nd period - Stopped by Jonathan Quick without a rebound.
1:35 of 2nd period - Johan Larsson wins face-off versus Reyley Smith in LONG BEACH BARACUDAS zone.
2:27 of 2nd period - Icing by Ben Hutton.
2:28 of 2nd period - Brock Nelson wins face-off versus Bryan Rust in LONG BEACH BARACUDAS zone.
2:28 of 2nd period - Reyley Smith is hit by Bryan Rust and loses puck.
2:54 of 2nd period - Kyle Connor is hit by Steven Stamkos and loses puck.
3:04 of 2nd period - Shot by Bryan Rust.
3:04 of 2nd period - Shot Blocked by Brandon Montour.
3:06 of 2nd period - Shot by Anze Kopitar.
3:06 of 2nd period - Stopped by Jonathan Quick without a rebound.
3:07 of 2nd period - J.T. Compher wins face-off versus Mikael Backlund in LONG BEACH BARACUDAS zone.
3:18 of 2nd period - Shot by Kyle Palmieri.
3:18 of 2nd period - Shot Misses the Net.
3:30 of 2nd period - Shot by Taylor Hall.
3:30 of 2nd period - Deflect By Kyle Palmieri.
3:30 of 2nd period - Shot Misses the Net.
3:32 of 2nd period - Shot by Taylor Hall.
3:32 of 2nd period - Deflect By Kyle Palmieri.
3:32 of 2nd period - Goal by Kyle Palmieri - LONG BEACH BARACUDAS : 1 - VICTORIA GLADIATORS : 1.
3:33 of 2nd period - Johan Larsson wins face-off versus Brad Richardson in neutral zone.
3:53 of 2nd period - Brad Richardson is hit by Esa Lindell and loses puck.
3:59 of 2nd period - Loui Eriksson is hit by Duncan Keith.
4:05 of 2nd period - Shot by Loui Eriksson.
4:05 of 2nd period - Shot Blocked by Duncan Keith.
4:09 of 2nd period - Shot by Brad Richardson.
4:09 of 2nd period - Goal by Brad Richardson - LONG BEACH BARACUDAS : 2 - VICTORIA GLADIATORS : 1.
4:10 of 2nd period - Anze Kopitar wins face-off versus Reyley Smith in neutral zone.
4:19 of 2nd period - Shot by Taylor Hall.
4:19 of 2nd period - The goal is going for a video replay.
4:19 of 2nd period - The goal is refused.
4:20 of 2nd period - Reyley Smith wins face-off versus Anze Kopitar in VICTORIA GLADIATORS zone.
4:41 of 2nd period - Reyley Smith is hit by Nick Holden and loses puck.
5:03 of 2nd period - Shot by Kyle Palmieri.
5:03 of 2nd period - Shot Blocked by Nick Holden.
5:35 of 2nd period - Shot by J.T. Compher.
5:35 of 2nd period - Shot Misses the Net.
6:20 of 2nd period - Icing by Jordie Benn.
6:21 of 2nd period - Derek Grant wins face-off versus Brad Richardson in LONG BEACH BARACUDAS zone.
6:31 of 2nd period - John Hayden is hit by Jordie Benn and loses puck.
6:34 of 2nd period - Shot by Derek Grant.
6:34 of 2nd period - Stopped by Jonathan Quick without a rebound.
6:35 of 2nd period - Mikael Backlund wins face-off versus Reyley Smith in LONG BEACH BARACUDAS zone.
6:48 of 2nd period - Shot by Jakub Voracek.
6:48 of 2nd period - Shot Misses the Net.
7:10 of 2nd period - Shot by Conor Garland.
7:10 of 2nd period - Shot Misses the Net.
7:26 of 2nd period - Reyley Smith is hit by Mikael Backlund and loses puck.
8:07 of 2nd period - Shot by Johan Larsson.
8:07 of 2nd period - Stopped by Jonathan Quick without a rebound.
8:08 of 2nd period - Brad Richardson wins face-off versus Derek Grant in LONG BEACH BARACUDAS zone.
8:24 of 2nd period - Shot by Andrew Cogliano.
8:24 of 2nd period - Stopped by Jonathan Quick without a rebound.
8:25 of 2nd period - J.T. Compher wins face-off versus Anze Kopitar in LONG BEACH BARACUDAS zone.
8:44 of 2nd period - Shot by Bryan Rust.
8:44 of 2nd period - Goal by Bryan Rust - LONG BEACH BARACUDAS : 2 - VICTORIA GLADIATORS : 2.
8:45 of 2nd period - Mikael Backlund wins face-off versus Brad Richardson in neutral zone.
8:50 of 2nd period - Jordie Benn is hit by Conor Garland and loses puck.
9:09 of 2nd period - Shot by Mikael Backlund.
9:09 of 2nd period - Deflect By Jakub Voracek.
9:09 of 2nd period - Stopped by Jonathan Quick without a rebound.
9:10 of 2nd period - Brock Nelson wins face-off versus Anze Kopitar in LONG BEACH BARACUDAS zone.
9:10 of 2nd period - Brock Nelson is hit by Bryan Rust.
9:17 of 2nd period - Icing by Ron Hainsey.
9:18 of 2nd period - Anze Kopitar wins face-off versus Brock Nelson in LONG BEACH BARACUDAS zone.
9:25 of 2nd period - Shot by Anze Kopitar.
9:25 of 2nd period - Shot Misses the Net.
9:31 of 2nd period - Shot by Bryan Rust.
9:31 of 2nd period - Shot Misses the Net.
9:33 of 2nd period - Shot by Duncan Keith.
9:33 of 2nd period - Shot Misses the Net.
9:41 of 2nd period - Shot by Kyle Connor.
9:41 of 2nd period - Stopped by Jonathan Quick without a rebound.
9:42 of 2nd period - Mikael Backlund wins face-off versus Reyley Smith in LONG BEACH BARACUDAS zone.
9:49 of 2nd period - Shot by Conor Garland.
9:49 of 2nd period - Stopped by Jonathan Quick with a rebound.
10:06 of 2nd period - Icing by Brandon Montour.
10:07 of 2nd period - Anze Kopitar wins face-off versus Taylor Hall in LONG BEACH BARACUDAS zone.
10:15 of 2nd period - Off-side.
10:16 of 2nd period - Anze Kopitar wins face-off versus Pierre-Edouard Bellemare in neutral zone.
10:34 of 2nd period - Shot by J.T. Compher.
10:34 of 2nd period - Stopped by Carter Hart without a rebound.
10:35 of 2nd period - Mikael Backlund wins face-off versus Kyle Palmieri in VICTORIA GLADIATORS zone.
10:39 of 2nd period - Off-side.
10:40 of 2nd period - Brock Nelson wins face-off versus Mikael Backlund in neutral zone.
11:06 of 2nd period - Shot by Jakub Voracek.
11:06 of 2nd period - Stopped by Jonathan Quick with a rebound.
11:41 of 2nd period - Shot by Bryan Rust.
11:41 of 2nd period - Stopped by Jonathan Quick without a rebound.
11:42 of 2nd period - J.T. Compher wins face-off versus Johan Larsson in LONG BEACH BARACUDAS zone.
12:42 of 2nd period - Shot by Loui Eriksson.
12:42 of 2nd period - Stopped by Carter Hart without a rebound.
12:43 of 2nd period - Anze Kopitar wins face-off versus Boris Katchouk in VICTORIA GLADIATORS zone.
12:52 of 2nd period - Shot by Kyle Connor.
12:52 of 2nd period - Shot Misses the Net.
13:03 of 2nd period - Shot by Kyle Connor.
13:03 of 2nd period - Stopped by Jonathan Quick without a rebound.
13:04 of 2nd period - Brock Nelson wins face-off versus Mikael Backlund in LONG BEACH BARACUDAS zone.
13:58 of 2nd period - Brock Nelson is hit by Mikael Backlund and loses puck.
14:35 of 2nd period - Taylor Hall is hit by Duncan Keith and loses puck.
15:13 of 2nd period - Icing by Nick Holden.
15:14 of 2nd period - Johan Larsson wins face-off versus Brad Richardson in VICTORIA GLADIATORS zone.
15:51 of 2nd period - Icing by Torey Krug.
15:52 of 2nd period - Johan Larsson wins face-off versus Reyley Smith in VICTORIA GLADIATORS zone.
16:12 of 2nd period - Icing by Brock Nelson.
16:13 of 2nd period - Brock Nelson wins face-off versus Mikael Backlund in LONG BEACH BARACUDAS zone.
16:17 of 2nd period - Reyley Smith is hit by Esa Lindell and loses puck.
16:22 of 2nd period - Shot by Reyley Smith.
16:22 of 2nd period - Stopped by Carter Hart without a rebound.
16:23 of 2nd period - Kyle Palmieri wins face-off versus Bryan Rust in VICTORIA GLADIATORS zone.
16:23 of 2nd period - Taylor Hall is hit by Duncan Keith and loses puck.
16:33 of 2nd period - Kyle Palmieri is hit by Duncan Keith.
16:38 of 2nd period - Taylor Hall is hit by Duncan Keith and loses puck.
17:47 of 2nd period - Shot by Jakub Voracek.
17:47 of 2nd period - Shot Misses the Net.
17:51 of 2nd period - Shot by Conor Garland.
17:51 of 2nd period - Shot Misses the Net.
18:12 of 2nd period - Shot by Conor Garland.
18:12 of 2nd period - Stopped by Jonathan Quick without a rebound.
18:13 of 2nd period - Brad Richardson wins face-off versus Derek Grant in LONG BEACH BARACUDAS zone.
18:31 of 2nd period - Minor Penalty to Jordie Benn for Roughing.
18:32 of 2nd period - Reyley Smith wins face-off versus Anze Kopitar in LONG BEACH BARACUDAS zone.
18:51 of 2nd period - Shot by Bryan Rust.
18:51 of 2nd period - Goal by Bryan Rust - LONG BEACH BARACUDAS : 2 - VICTORIA GLADIATORS : 3.
18:52 of 2nd period - Derek Grant wins face-off versus Reyley Smith in neutral zone.
18:55 of 2nd period - Reyley Smith is hit by John Hayden and loses puck.
19:46 of 2nd period - Shot by J.T. Compher.
19:46 of 2nd period - Shot Misses the Net.
Goals for this period are 2 for LONG BEACH BARACUDAS vs 2 for VICTORIA GLADIATORS.
Shots for this period are 6 for LONG BEACH BARACUDAS vs 14 for VICTORIA GLADIATORS.

3rd period


0:01 of 3rd period - Brock Nelson wins face-off versus Mikael Backlund in neutral zone.
1:18 of 3rd period - Bryan Rust is hit by Alex Pietrangelo and loses puck.
1:19 of 3rd period - Double Minor Penalty to Alex Pietrangelo for High sticking.
1:20 of 3rd period - Kyle Connor wins face-off versus J.T. Compher in LONG BEACH BARACUDAS zone.
1:44 of 3rd period - Icing by Anze Kopitar.
1:45 of 3rd period - Anze Kopitar wins face-off versus J.T. Compher in VICTORIA GLADIATORS zone.
2:10 of 3rd period - Shot by Kyle Connor.
2:10 of 3rd period - Shot Blocked by Ben Hutton.
2:40 of 3rd period - Shot by Conor Garland.
2:40 of 3rd period - Shot Misses the Net.
3:20 of 3rd period - Shot by Bryan Rust.
3:20 of 3rd period - Shot Misses the Net.
3:22 of 3rd period - Shot by Kyle Connor.
3:22 of 3rd period - Stopped by Jonathan Quick with a rebound.
3:24 of 3rd period - Shot by Bryan Rust.
3:24 of 3rd period - Stopped by Jonathan Quick without a rebound.
3:25 of 3rd period - Mikael Backlund wins face-off versus J.T. Compher in LONG BEACH BARACUDAS zone.
3:46 of 3rd period - Shot by Jakub Voracek.
3:46 of 3rd period - Stopped by Jonathan Quick without a rebound.
3:47 of 3rd period - Anze Kopitar wins face-off versus J.T. Compher in LONG BEACH BARACUDAS zone.
3:58 of 3rd period - Shot by Bryan Rust.
3:58 of 3rd period - Shot Misses the Net.
4:22 of 3rd period - Brandon Montour is hit by Bryan Rust and loses puck.
5:29 of 3rd period - Shot by Jared McCann.
5:29 of 3rd period - Stopped by Jonathan Quick with a rebound.
5:31 of 3rd period - Shot by Esa Lindell.
5:31 of 3rd period - Shot Misses the Net.
5:33 of 3rd period - Shot by Johan Larsson.
5:33 of 3rd period - Shot Misses the Net.
6:35 of 3rd period - Shot by Reyley Smith.
6:35 of 3rd period - Shot Misses the Net.
6:37 of 3rd period - Shot by Kyle Palmieri.
6:37 of 3rd period - Stopped by Carter Hart with a rebound.
6:39 of 3rd period - Shot by Jordie Benn.
6:39 of 3rd period - Shot Misses the Net.
6:41 of 3rd period - Shot by Taylor Hall.
6:41 of 3rd period - Goal by Taylor Hall - LONG BEACH BARACUDAS : 3 - VICTORIA GLADIATORS : 3.
6:42 of 3rd period - Bryan Rust wins face-off versus Pierre-Edouard Bellemare in neutral zone.
6:53 of 3rd period - Shot by Bryan Rust.
6:53 of 3rd period - Shot Blocked by J.T. Compher.
7:36 of 3rd period - Icing by Nick Holden.
7:37 of 3rd period - Anze Kopitar wins face-off versus Reyley Smith in VICTORIA GLADIATORS zone.
7:52 of 3rd period - Taylor Hall is hit by Nick Holden and loses puck.
8:13 of 3rd period - Shot by Kyle Palmieri.
8:13 of 3rd period - Deflect By Reyley Smith.
8:13 of 3rd period - Stopped by Carter Hart without a rebound.
8:14 of 3rd period - Brad Richardson wins face-off versus Johan Larsson in VICTORIA GLADIATORS zone.
8:15 of 3rd period - Shot by Loui Eriksson.
8:15 of 3rd period - Shot Blocked by Nikita Zaitsev.
8:31 of 3rd period - Shot by Mattias Janmark.
8:31 of 3rd period - Stopped by Jonathan Quick without a rebound.
8:32 of 3rd period - Mikael Backlund wins face-off versus Pierre-Edouard Bellemare in LONG BEACH BARACUDAS zone.
8:47 of 3rd period - Shot by Mikael Granlund.
8:47 of 3rd period - Shot Misses the Net.
8:49 of 3rd period - Shot by Mikael Granlund.
8:49 of 3rd period - Deflect By Pierre-Edouard Bellemare.
8:49 of 3rd period - Shot Misses the Net.
8:51 of 3rd period - Shot by Pierre-Edouard Bellemare.
8:51 of 3rd period - Shot Misses the Net.
8:55 of 3rd period - Shot by Mikael Granlund.
8:55 of 3rd period - Deflect By J.T. Compher.
8:55 of 3rd period - Stopped by Carter Hart with a rebound.
10:01 of 3rd period - Shot by Mattias Janmark.
10:01 of 3rd period - Stopped by Jonathan Quick without a rebound.
10:02 of 3rd period - Anze Kopitar wins face-off versus J.T. Compher in LONG BEACH BARACUDAS zone.
10:13 of 3rd period - Shot by Kyle Connor.
10:13 of 3rd period - Stopped by Jonathan Quick with a rebound.
10:43 of 3rd period - Off-side.
10:44 of 3rd period - Brock Nelson wins face-off versus Johan Larsson in neutral zone.
11:17 of 3rd period - Shot by Reyley Smith.
11:17 of 3rd period - Shot Blocked by Nikita Zaitsev.
13:24 of 3rd period - Mikael Backlund is hit by Reyley Smith and loses puck.
13:53 of 3rd period - Shot by Steven Stamkos.
13:53 of 3rd period - Deflect By Reyley Smith.
13:53 of 3rd period - Shot Misses the Net.
13:54 of 3rd period - Minor Penalty to Esa Lindell for Cross-checking.
13:55 of 3rd period - Steven Stamkos wins face-off versus Derek Grant in VICTORIA GLADIATORS zone.
14:01 of 3rd period - Taylor Hall is hit by Nick Holden and loses puck.
14:11 of 3rd period - Icing by Taylor Hall.
14:12 of 3rd period - Steven Stamkos wins face-off versus Derek Grant in LONG BEACH BARACUDAS zone.
14:20 of 3rd period - Icing by Brandon Montour.
14:21 of 3rd period - Steven Stamkos wins face-off versus Derek Grant in LONG BEACH BARACUDAS zone.
15:02 of 3rd period - Duncan Keith is hit by Brock Nelson and loses puck.
15:03 of 3rd period - Minor Penalty to J.T. Compher for Roughing.
15:04 of 3rd period - Jared McCann wins face-off versus Reyley Smith in LONG BEACH BARACUDAS zone.
15:05 of 3rd period - Shot by Bryan Rust.
15:05 of 3rd period - Goal by Bryan Rust - LONG BEACH BARACUDAS : 3 - VICTORIA GLADIATORS : 4.
15:06 of 3rd period - Jared McCann wins face-off versus Reyley Smith in neutral zone.
15:23 of 3rd period - Shot by Kyle Palmieri.
15:23 of 3rd period - Shot Misses the Net.
16:07 of 3rd period - Shot by Torey Krug.
16:07 of 3rd period - Shot Misses the Net.
16:43 of 3rd period - Brad Richardson is hit by Jakub Voracek and loses puck.
17:38 of 3rd period - Icing by Alex Pietrangelo.
17:39 of 3rd period - Pierre-Edouard Bellemare wins face-off versus Johan Larsson in LONG BEACH BARACUDAS zone.
19:23 of 3rd period - Shot by John Hayden.
19:23 of 3rd period - Stopped by Jonathan Quick without a rebound.
19:24 of 3rd period - Steven Stamkos wins face-off versus Johan Larsson in LONG BEACH BARACUDAS zone.
19:51 of 3rd period - Shot by Johan Larsson.
19:51 of 3rd period - Shot Misses the Net.
19:53 of 3rd period - Shot by Mattias Janmark.
19:53 of 3rd period - Shot Blocked by Alex Pietrangelo.
19:55 of 3rd period - Shot by John Hayden.
19:55 of 3rd period - Shot Misses the Net.
Goals for this period are 1 for LONG BEACH BARACUDAS vs 1 for VICTORIA GLADIATORS.
Shots for this period are 4 for LONG BEACH BARACUDAS vs 9 for VICTORIA GLADIATORS.


SEBASTIAN
AHO
MARK
SCHEIFELE
JAKE
OETTINGER

EAST COAST

HOCKEY LEAGUE

  • 17.QUE3CHI2
  • 18.CHA2LIM4
  • 19.TRV3LON2
  • 20.CHW1BAL2
  • 21.PITMAN
  • 22.ATLNHW
  • 23.WORPET
  • 24.RHI